[Event "Titled Tuesday Blitz May 9 Late 2023"]
[White "Tworuszka, Michal"]
[Black "Manukyan, Sargis A."]
[WhiteFideId "1117858"]
[BlackFideId "13303970"]
[WhiteElo "2428"]
[BlackElo "2187"]
[Result "1/2-1/2"]
[Round "04"]
[TimeControl "180+2"]
[Date "2023.05.09"]
[WhiteClock "0:00:21"]
[BlackClock "0:00:20"]

1. e4 c5 2. Nf3 d6 3. d4 cxd4 4. Nxd4 Nf6 5. Nc3 g6 6. Be2 Bg7 7. O-O O-O 8. Nb3 Nc6 9. Re1 Be6 10. Bg5 b6 11. Bf1 Qc8 12. Nd5 Qb7 13. Nxf6+ exf6 14. Bf4 Rfd8 15. c4 Ne5 16. Nd2 Rac8 17. b3 f5 18. Rc1 fxe4 19. Nxe4 d5 20. cxd5 Rxc1 21. Qxc1 Bxd5 22. Bg5 Rc8 23. Qf4 Bxe4 24. Qxe4 Qxe4 25. Rxe4 h6 26. Be3 Rc2 27. Ra4 Nc6 28. Rc4 Rxc4 29. Bxc4 Kf8 30. Kf1 Ke7 31. Ke2 f5 32. g3 Kd6 33. h4 Ne5 34. Bf4 Ke7 35. Bxe5 Bxe5 36. a4 Kf6 37. Kf3 Bd4 38. Ke2 Bc5 39. Kf3 Ke5 40. Ke2 Ke4 41. Bf7 g5 42. hxg5 hxg5 43. Bc4 a5 44. Bf7 Bd6 45. Bg8 Kd4 46. Bh7 Ke5 47. Bg8 Ba3 48. Bf7 Bc1 49. Bg8 Bb2 50. f3 Bd4 51. g4 f4 52. Kd3 Be3 53. Kc4 Bf2 54. Bd5 Kd6 55. Be4 Bc5 56. Kb5 Ke5 57. Kc4 Bb4 58. Ba8 Ba3 59. Bb7 Kd6 60. Ba8 Kc7 61. Be4 Bc5 62. Kd5 Kd7 63. Ke5 Bb4 64. Bf5+ Kc7 65. Kf6 Kd6 66. Kxg5 Ke5 67. Be4 Be7+ 68. Kg6 Ke6 69. Bd3 Bd6 70. Bc4+ Ke7 71. Kf5 Kf8 72. g5 Kg7 73. g6 Bc7 74. Bf7 Bd6 75. Ke6 Bc5 76. Kd5 Be3 77. Kc6 Kf8 78. Kb5 Kg7 79. Kc4 Kf8 80. Kd5 Kg7 81. Ke4 Kf8 82. Ke5 Kg7 83. Kf5 Bd2 84. Bc4 Be3 85. Bd3 Bd2 86. Ke4 Bc1 87. Kd5 Be3 88. Kc4 Bc5 89. Kb5 Be3 90. Kc4 Kh8 91. Kb5 Kg8 92. b4 axb4 93. Kxb4 Kg7 94. Kb5 Bd4 95. Kc4 Bf2 96. Kd5 Be3 97. Ke5 Bc1 98. Kd5 Bd2 99. Kc4 Kh6 100. Kb5 Ba5 101. Be4 Kg7 102. Bd3 Kf6 103. Be4 Kg7 104. Bd3 Kg8 105. Be4 Kf8 106. Bd3 Ke7 107. Be4 Kf6 108. Bd3 Kg7 109. Be4 Kh8 110. Bd3 Kg8 111. Be4 Kf8 112. Bd3 Kg8 1/2-1/2


[Site "https://www.chess.com"]

[Event "Titled Tuesday Blitz May 9 Late 2023"]
[White "Lenaerts, Lennert"]
[Black "Balla, Tamas-Kristof"]
[WhiteFideId "211435"]
[BlackFideId "1208497"]
[WhiteElo "2334"]
[BlackElo "2334"]
[Result "1-0"]
[Round "04"]
[TimeControl "180+2"]
[Date "2023.05.09"]
[WhiteClock "0:00:46"]
[BlackClock "0:00:07"]

1. d4 d5 2. c4 dxc4 3. Nf3 Nf6 4. e3 e6 5. Bxc4 c5 6. O-O a6 7. a3 b5 8. Be2 Bb7 9. dxc5 Qxd1 10. Rxd1 Bxc5 11. b4 Be7 12. Bb2 Nbd7 13. Nbd2 O-O 14. Nb3 Bd5 15. Na5 Rfc8 16. Nd4 Nb6 17. Rac1 Na4 18. Ba1 Ne4 19. Ndc6 Bd8 20. Nxd8 Rxd8 21. f3 Nf6 22. e4 Ba2 23. Nc6 Rxd1+ 24. Rxd1 Nb6 25. Kf2 Bc4 26. Na5 Bxe2 27. Kxe2 Nfd7 28. Rd6 Rc8 29. Bd4 Rb8 30. Nc6 Rb7 31. Ne5 f6 32. Nxd7 Rxd7 33. Rxe6 Rxd4 34. Rxb6 a5 35. Rxb5 axb4 36. Rxb4 Rd6 37. a4 Kf7 38. a5 Rc6 39. Ra4 Rc2+ 40. Kd3 1-0


[Site "https://www.chess.com"]

[Event "Titled Tuesday Blitz May 9 Late 2023"]
[White "Hollan, Petr"]
[Black "Sochacki, Christophe"]
[WhiteFideId "360945"]
[BlackFideId "662569"]
[WhiteElo "2254"]
[BlackElo "2501"]
[Result "0-1"]
[Round "04"]
[TimeControl "180+2"]
[Date "2023.05.09"]
[WhiteClock "0:00:04"]
[BlackClock "0:00:46"]

1. e4 c5 2. Nf3 e6 3. d4 cxd4 4. Nxd4 Nc6 5. Nc3 Qc7 6. g4 a6 7. Nxc6 Qxc6 8. Bd3 b5 9. Bd2 Bb7 10. Qe2 b4 11. Nd5 a5 12. Bb5 Qd6 13. Bf4 e5 14. O-O-O exf4 15. e5 Qc5 16. Bxd7+ Kxd7 17. e6+ fxe6 18. Nxf4+ Bd6 19. Qxe6+ Kc7 20. Qf7+ Kb6 21. Nd5+ Ka6 22. Rhe1 Nf6 23. Nxf6 gxf6 24. Qxf6 Rhd8 25. Re6 Rac8 26. Rexd6+ Ka7 27. c4 Qxc4+ 28. Kb1 Qc2+ 0-1


[Site "https://www.chess.com"]

[Event "Titled Tuesday Blitz May 9 Late 2023"]
[White "Sun, Rick"]
[Black "Malicka, Maria"]
[WhiteFideId "30909481"]
[BlackFideId "1197576"]
[WhiteElo "2169"]
[BlackElo "2227"]
[Result "0-1"]
[Round "04"]
[TimeControl "180+2"]
[Date "2023.05.09"]
[WhiteClock "0:00:06"]
[BlackClock "0:01:19"]

1. d4 Nf6 2. Nc3 d5 3. Bf4 g6 4. Qd2 c5 5. e3 Bg7 6. h4 h5 7. dxc5 O-O 8. O-O-O Qa5 9. Kb1 Rd8 10. Nf3 Bg4 11. Be2 Nc6 12. Ne5 Nxe5 13. Bxe5 Bxe2 14. Qxe2 Qxc5 15. f3 a6 16. g4 hxg4 17. h5 Nxh5 18. Bxg7 Nxg7 19. Qh2 f6 20. Qh7+ Kf7 21. Rh6 Rg8 22. Qxg6+ Kf8 23. Nxd5 Rd8 24. e4 gxf3 25. Rhh1 f2 26. Nf4 Rxd1+ 27. Rxd1 Qd6 28. Nd3 Qd4 29. Qg4 Ne8 30. Qf3 Rg1 31. a3 Rxd1+ 32. Qxd1 Nd6 33. Qf1 Nxe4 34. Qg2 f1=Q+ 35. Qxf1 Nd2+ 36. Ka2 Nxf1 37. b3 Qc3 38. Nb2 Qxc2 39. a4 Nd2 40. Ka3 Qxb3# 0-1


[Site "https://www.chess.com"]

[Event "Titled Tuesday Blitz May 9 Late 2023"]
[White "Filgueira, Hernan"]
[Black "Itkis, Boris"]
[WhiteFideId "101770"]
[BlackFideId "1209167"]
[WhiteElo "2363"]
[BlackElo "2216"]
[Result "0-1"]
[Round "04"]
[TimeControl "180+2"]
[Date "2023.05.09"]
[WhiteClock "0:00:07"]
[BlackClock "0:00:14"]

1. c4 c5 2. g3 Nc6 3. Bg2 g6 4. e3 Bg7 5. Ne2 Nf6 6. Nbc3 e6 7. d4 cxd4 8. exd4 d5 9. cxd5 Nxd5 10. Nxd5 exd5 11. O-O O-O 12. Nf4 Be6 13. Be3 Qb6 14. Nxe6 fxe6 15. Bh3 Rae8 16. Qd2 Nxd4 17. f4 e5 18. Rad1 Qa6 19. fxe5 Ne2+ 20. Kh1 d4 21. Bxd4 Rd8 22. Rxf8+ Bxf8 23. Bf1 Qc6+ 24. Bg2 Qb5 25. Bf1 Qd5+ 26. Bg2 Qxd4 27. Qxd4 Rxd4 28. Re1 Rd2 29. e6 Be7 30. Bxb7 Rxb2 31. Bd5 Kg7 32. Bb3 Nd4 33. Bc4 Nf5 34. Rf1 h5 35. Rc1 Kf6 36. Bb3 g5 37. Rc8 h4 38. Rh8 hxg3 39. hxg3 Nxg3+ 40. Kg1 Bc5# 0-1


[Site "https://www.chess.com"]

[Event "Titled Tuesday Blitz May 9 Late 2023"]
[White "MKlose11"]
[Black "Souza, Adwilhans Luciano"]
[BlackFideId "2101793"]
[WhiteElo "2611"]
[BlackElo "2288"]
[Result "0-1"]
[Round "04"]
[TimeControl "180+2"]
[Date "2023.05.09"]
[WhiteClock "0:00:08"]
[BlackClock "0:00:19"]

1. e4 e5 2. Nf3 Nc6 3. d4 exd4 4. Bc4 Nf6 5. O-O Bc5 6. e5 d5 7. exf6 dxc4 8. fxg7 Rg8 9. Bg5 Be7 10. Bxe7 Kxe7 11. Nbd2 Be6 12. Re1 Qd5 13. c3 Rxg7 14. g3 Rd8 15. cxd4 Nxd4 16. Nxd4 Qxd4 17. Ne4 Qxd1 18. Raxd1 Rxd1 19. Rxd1 b6 20. f4 Rg8 21. Kf2 h6 22. Ke3 Rd8 23. Rxd8 Kxd8 24. a3 Ke7 25. Kd4 f5 26. Nd2 c5+ 27. Kc3 b5 28. Nf3 Kd6 29. Ne5 a5 30. Kd2 Kd5 31. h3 b4 32. a4 Ke4 33. Nc6 Bd5 34. Nxa5 Kf3 35. g4 Kxf4 36. gxf5 Kxf5 37. Ke3 Kg5 38. Kf2 Kh4 39. Ke3 Kg3 40. h4 Kxh4 41. Kf4 c3 42. bxc3 b3 43. Nxb3 Bxb3 44. a5 Bc4 45. Ke5 Kg3 46. Kd6 h5 47. Kxc5 Ba6 48. Kb6 Bc4 49. Kc5 Ba6 50. Kb6 Bd3 51. Kc5 h4 52. c4 h3 53. Kd4 Bxc4 54. Kxc4 h2 55. Kb5 h1=Q 56. a6 Qa8 57. Ka5 Kf4 58. Kb6 Ke5 59. a7 Kd5 60. Ka6 Kc5 61. Ka5 Qxa7# 0-1


[Site "https://www.chess.com"]

[Event "Titled Tuesday Blitz May 9 Late 2023"]
[White "Pavlidou, Ekaterini"]
[Black "Piesik, Piotr"]
[WhiteFideId "4213262"]
[BlackFideId "1136194"]
[WhiteElo "2126"]
[BlackElo "2299"]
[Result "1-0"]
[Round "04"]
[TimeControl "180+2"]
[Date "2023.05.09"]
[WhiteClock "0:01:18"]
[BlackClock "0:02:01"]

1. d4 c5 2. d5 e5 3. c4 d6 4. Nc3 Be7 5. e4 Bg5 6. h4 Bxh4 7. g3 Bg5 8. f4 exf4 9. gxf4 Bh4+ 10. Kd2 f5 11. Qh5+ g6 12. Qxh4 Nf6 13. e5 dxe5 14. fxe5 Ng4 15. Qxd8+ Kxd8 16. Nf3 Nd7 17. e6 Nde5 18. Nxe5 Nxe5 19. Kc2 Nf3 20. Nb5 a6 21. Bg2 axb5 22. Bxf3 bxc4 23. Bg5+ Kc7 24. Bf6 Rf8 25. Rxh7+ Kb6 26. Be7 Re8 27. Re1 g5 28. Bh5 1-0


[Site "https://www.chess.com"]

[Event "Titled Tuesday Blitz May 9 Late 2023"]
[White "6PackPlayer"]
[Black "Ladan, Nicholas"]
[BlackFideId "30918855"]
[WhiteElo "2263"]
[BlackElo "2167"]
[Result "0-1"]
[Round "04"]
[TimeControl "180+2"]
[Date "2023.05.09"]
[WhiteClock "0:00:02"]
[BlackClock "0:00:09"]

1. e4 e5 2. Nf3 Nc6 3. d4 exd4 4. Bc4 Nf6 5. e5 d5 6. Bb5 Ne4 7. Nxd4 Bc5 8. O-O Bd7 9. Bxc6 bxc6 10. f3 Ng5 11. Be3 O-O 12. f4 Ne4 13. Nd2 Rb8 14. Nxe4 dxe4 15. Qc1 Bg4 16. Nb3 Bb6 17. Qe1 Qe7 18. Bxb6 axb6 19. Qg3 Be6 20. f5 Bxb3 21. f6 Qc5+ 22. Kh1 g6 23. Qg5 Rfe8 24. cxb3 Rxe5 25. Qh4 e3 26. Rac1 Qd6 27. Rxc6 e2 28. Re1 Qxc6 29. Qh6 Qxf6 30. h3 Qf1+ 0-1


[Site "https://www.chess.com"]

[Event "Titled Tuesday Blitz May 9 Late 2023"]
[White "Kourkoulos-Arditis, Stamatis"]
[Black "Martinez, Shawn"]
[WhiteFideId "4221990"]
[BlackFideId "2039770"]
[WhiteElo "2400"]
[BlackElo "2174"]
[Result "1-0"]
[Round "04"]
[TimeControl "180+2"]
[Date "2023.05.09"]
[WhiteClock "0:00:05"]
[BlackClock "0:00:06"]

1. Nf3 g6 2. e4 Bg7 3. d4 b6 4. Nc3 Bb7 5. Bd3 h6 6. h4 a6 7. Ne2 e6 8. c3 d6 9. Ng3 Nd7 10. O-O Ngf6 11. Re1 Qe7 12. h5 g5 13. Nf5 Qf8 14. Nxg7+ Qxg7 15. Nh2 g4 16. e5 dxe5 17. dxe5 Nd5 18. Qxg4 Qf8 19. f3 O-O-O 20. Bc2 Rg8 21. Qh3 Qg7 22. Ng4 f5 23. exf6 N7xf6 24. Bxh6 Qh8 25. Nxf6 Nxf6 26. Bf4 Nxh5 27. Qxe6+ Kb8 28. Be5 Rxg2+ 29. Kxg2 Rd2+ 30. Kg1 Nf6 31. Qxf6 Qh3 32. Bxc7+ Kxc7 33. Qf4+ Rd6 34. Re7+ Kc6 35. Be4+ Kc5 36. Rc7+ Bc6 37. Rxc6+ Rxc6 38. Qe5+ Kc4 39. b3# 1-0


[Site "https://www.chess.com"]

[Event "Titled Tuesday Blitz May 9 Late 2023"]
[White "Demchenko, Anton"]
[Black "Roman, Rodrigo"]
[WhiteFideId "4160258"]
[BlackFideId "3701220"]
[WhiteElo "2545"]
[BlackElo "1995"]
[Result "1-0"]
[Round "04"]
[TimeControl "180+2"]
[Date "2023.05.09"]
[WhiteClock "0:00:15"]
[BlackClock "0:00:29"]

1. e4 c5 2. Nf3 Nc6 3. Bb5 g6 4. O-O Bg7 5. d3 e5 6. a3 Nge7 7. b4 d6 8. Bg5 f6 9. Be3 b6 10. Bc4 d5 11. exd5 Nxd5 12. bxc5 Nxe3 13. fxe3 bxc5 14. Nc3 Ne7 15. Qb1 Nf5 16. Bd5 Bd7 17. Bxa8 Qxa8 18. e4 Nd4 19. Nd5 O-O 20. c3 Nxf3+ 21. Rxf3 Rb8 22. Qa2 Kh8 23. Nxf6 Ba4 24. Raf1 Qc6 25. Qf2 c4 26. dxc4 Qxc4 27. Qh4 h6 28. Qg3 Qc5+ 29. Kh1 g5 30. h4 Bb5 31. Rb1 Rf8 32. hxg5 Be2 33. Rf5 Qd6 34. Re1 Bc4 35. Nh5 Rg8 36. Nxg7 Rxg7 37. Qxe5 Qxe5 38. Rxe5 hxg5 39. Rc5 Bd3 40. Kg1 Re7 41. Rxg5 a6 42. Rg3 Bc4 43. Kf2 Bg8 44. Ke3 Bh7 45. Rg4 Rc7 46. Kd3 Rd7+ 47. Kc2 Re7 48. Re3 Bf5 49. Rf4 Bg6 50. c4 Kg7 51. Kc3 a5 52. e5 Re6 53. Rd4 Rc6 54. Rd6 Rc5 55. Rg3 Rxe5 56. Rdxg6+ Kf7 57. R6g5 Re1 58. Rxa5 Rc1+ 59. Kb3 Rb1+ 60. Kc2 Re1 61. Rd5 Ke6 62. a4 Ra1 63. a5 Ra2+ 64. Kb3 Ra1 65. Re3+ Kf6 66. Kb4 Kf7 67. Kb5 Rb1+ 68. Kc6 Rc1 69. c5 Ra1 70. Kb6 Rb1+ 71. Ka6 Rc1 72. Rf5+ Kg6 73. Ref3 Rb1 74. c6 Rc1 75. Kb7 Rb1+ 76. Kc8 Ra1 77. c7 Rxa5 78. Rxa5 Kg7 79. Raf5 Kh6 80. R5f4 Kg5 81. Kb7 Kh5 82. Kc6 Kg5 83. Kc5 Kh5 84. Kd4 Kg5 85. Ke3 Kh5 86. Kf2 Kg5 87. c8=Q Kh6 88. Qc3 Kg5 89. g4 Kh4 90. Rh3+ Kg5 91. Rc4 Kg6 92. Rg3 Kg5 93. Qf3 Kh4 94. Rh3+ Kg5 95. Rh2 Kg6 96. Qf4 Kg7 97. g5 Kg6 98. Qh4 Kf5 99. Rg4 Ke5 100. Qh5 Kf5 101. g6+ Kf6 102. g7 Ke7 103. g8=Q Kf6 104. Qa2 Ke7 105. Qh3 Kf6 106. Qf3+ Ke5 107. Qae2+ Kd6 108. Kg3 Kc5 109. Kh4 Kd6 110. Kg5 Kc5 111. Rh1 Kd6 112. Rd1+ Kc5 113. Rf4 Kb6 114. Re4 Kc5 115. Red4 Kb6 116. Qfe3 Kc5 117. Q2d3 Kc6 118. Qed2 Kc5 119. Kf4 Kb6 120. Ke5 Kc5 121. Ke6 Kb6 122. Kd5 Kc7 123. Qc4+ Kd7 124. Qdb4 Ke8 125. R1d3 Kf7 126. Re3 Kg6 127. Rf4 Kg5 128. Rg3+ Kh5 129. Rh4# 1-0


[Site "https://www.chess.com"]

[Event "Titled Tuesday Blitz May 9 Late 2023"]
[White "Koellner, Ruben Gideon"]
[Black "Guz, Ari"]
[WhiteFideId "12993093"]
[BlackFideId "2825759"]
[WhiteElo "2314"]
[BlackElo "2205"]
[Result "0-1"]
[Round "04"]
[TimeControl "180+2"]
[Date "2023.05.09"]
[WhiteClock "0:00:00"]
[BlackClock "0:00:40"]

1. d4 Nf6 2. Nf3 g6 3. Nbd2 d5 4. e3 Bg7 5. b4 O-O 6. c4 dxc4 7. Bxc4 b6 8. Bb2 Bb7 9. O-O Nbd7 10. b5 Ne4 11. Nxe4 Bxe4 12. Rc1 Rc8 13. Ng5 Bb7 14. Qb3 e6 15. Bxe6 Qxg5 16. f3 fxe6 17. Qxe6+ Rf7 18. e4 Nf8 19. Qc4 Rd8 20. Rc2 Qe3+ 21. Kh1 Bc8 22. d5 Bxb2 23. Rxb2 g5 24. Re2 Qc5 25. Qxc5 bxc5 26. Rc2 Nd7 27. Re1 Re7 28. Re3 Bb7 29. Rd3 Ne5 30. Ra3 g4 31. Rxc5 Bxd5 32. Kg1 Bf7 33. Rxa7 gxf3 34. gxf3 Nxf3+ 35. Kf2 Nd2 36. Rcxc7 Nxe4+ 37. Ke3 Rxc7 38. Rxc7 Nf6 39. b6 Nd5+ 0-1


[Site "https://www.chess.com"]

[Event "Titled Tuesday Blitz May 9 Late 2023"]
[White "Omranalhosani21"]
[Black "Seletsky, Grigory"]
[BlackFideId "14112191"]
[WhiteElo "2609"]
[BlackElo "2491"]
[Result "1-0"]
[Round "04"]
[TimeControl "180+2"]
[Date "2023.05.09"]
[WhiteClock "0:01:40"]
[BlackClock "0:01:50"]

1. d4 d6 2. e4 Nf6 3. Nc3 e5 4. Nf3 Nbd7 5. Be2 Be7 6. O-O O-O 7. Re1 c6 8. a4 a5 9. Bc4 Qc7 10. h3 h6 11. Qe2 Re8 12. Ba2 Nf8 13. Be3 Ng6 14. Rad1 Bf8 15. Qc4 Be6 16. d5 Bd7 17. Nd2 Nh5 18. Nb5 Qd8 19. dxc6 Be6 20. c7 Qd7 21. Qc3 Bxa2 22. b3 Nhf4 23. Bxf4 Nxf4 24. Nc4 Qxc7 25. Nxc7 1-0


[Site "https://www.chess.com"]

[Event "Titled Tuesday Blitz May 9 Late 2023"]
[White "Ibadov, Dashgyn"]
[Black "Kovalevsky, Stanislav"]
[WhiteFideId "24107514"]
[BlackFideId "13508598"]
[WhiteElo "2208"]
[BlackElo "2174"]
[Result "1-0"]
[Round "04"]
[TimeControl "180+2"]
[Date "2023.05.09"]
[WhiteClock "0:00:03"]
[BlackClock "0:00:00"]

1. d4 Nf6 2. Nf3 d5 3. Bf4 Ne4 4. e3 Nd7 5. Nbd2 e6 6. Bd3 f5 7. O-O Bd6 8. Bxd6 Nxd6 9. c4 O-O 10. cxd5 exd5 11. Qb3 c6 12. Ne5 Kh8 13. Ndf3 Nxe5 14. Nxe5 f4 15. Qc2 Bf5 16. exf4 Bxd3 17. Nxd3 Qf6 18. Ne5 Qxf4 19. Rad1 Rae8 20. Rfe1 Ne4 21. f3 Nd6 22. Qc5 Rf6 23. Qxa7 Kg8 24. Qa3 Nf5 25. Qc3 Rh6 26. h3 Rhe6 27. b4 Qg3 28. Qd2 Nxd4 29. Qxd4 Rxe5 30. Rxe5 Rxe5 31. Rf1 Re2 32. Rf2 Re1+ 33. Rf1 Re2 34. Rf2 Rxf2 35. Qxf2 Qxf2+ 36. Kxf2 Kf7 37. Ke3 Ke6 38. Kd4 Kd6 39. f4 g6 40. g4 Ke6 41. a4 Kd6 42. a5 Ke6 43. Kc5 Kd7 44. b5 1-0


[Site "https://www.chess.com"]

[Event "Titled Tuesday Blitz May 9 Late 2023"]
[White "Taboas Rodriguez, Daniel"]
[Black "merinasian"]
[WhiteFideId "2208466"]
[WhiteElo "2365"]
[BlackElo "2434"]
[Result "1-0"]
[Round "04"]
[TimeControl "180+2"]
[Date "2023.05.09"]
[WhiteClock "0:01:08"]
[BlackClock "0:00:49"]

1. d4 Nf6 2. Nf3 e6 3. c4 b6 4. Nc3 Bb7 5. Bg5 h6 6. Bh4 Bb4 7. Nd2 Bxc3 8. bxc3 d6 9. f3 Nbd7 10. e4 e5 11. Bd3 c5 12. d5 g5 13. Bf2 Nf8 14. Nf1 Ng6 15. Ne3 Bc8 16. g3 Kf8 17. a4 Bd7 18. a5 bxa5 19. O-O Kg7 20. Ra3 Nh5 21. Qa1 a4 22. Bc2 Qf6 23. Ng4 Qxf3 24. Bd1 Qxe4 25. Re1 Qxc4 26. Ne3 Qe4 27. Bxh5 Bh3 28. Qb1 Qxb1 29. Rxb1 Rab8 30. Rba1 Bd7 31. Bd1 f5 32. Bxa4 Bxa4 33. Rxa4 f4 34. Nf5+ Kf6 35. Nxd6 Rhd8 36. Bxc5 Rb3 37. Rxa7 e4 38. Nxe4+ Ke5 39. Re1 Rxd5 40. Nd2+ 1-0


[Site "https://www.chess.com"]

[Event "Titled Tuesday Blitz May 9 Late 2023"]
[White "Urbina Perez, Juan Antonio"]
[Black "ATM622"]
[WhiteFideId "2217368"]
[WhiteElo "2197"]
[BlackElo "2576"]
[Result "0-1"]
[Round "04"]
[TimeControl "180+2"]
[Date "2023.05.09"]
[WhiteClock "0:00:19"]
[BlackClock "0:01:11"]

1. e4 c6 2. Nf3 d5 3. d3 dxe4 4. dxe4 Qxd1+ 5. Kxd1 Nf6 6. Nfd2 Ng4 7. Ke1 Nd7 8. Nb3 a5 9. a4 g6 10. f3 Nge5 11. c3 Bg7 12. Be3 O-O 13. N1d2 f5 14. exf5 gxf5 15. Nc4 Nxc4 16. Bxc4+ Kh8 17. Nc5 Ne5 18. Be6 b6 19. Bxc8 Rfxc8 20. Ne6 Bf6 21. Rd1 b5 22. Bd4 bxa4 23. Kf2 Rab8 24. Rd2 Rxb2 25. Rxb2 Nd3+ 26. Ke3 Nxb2 27. Bxf6+ exf6 28. Nc5 a3 29. Ra1 Re8+ 30. Kd4 Re2 31. Nb3 Rxg2 32. Rxa3 Rxh2 33. Rxa5 h5 34. Rxf5 Kg7 35. Na5 Kg6 36. Rf4 h4 37. Nxc6 h3 38. Rg4+ Kf7 39. Rh4 Nd1 40. Kd3 Rg2 41. Nd4 h2 42. Ne2 h1=Q 43. Rxh1 Nf2+ 44. Ke3 Nxh1 45. Nf4 Rc2 46. Kd3 Rc1 47. Kd2 Ra1 48. c4 Ng3 49. Kd3 Nf5 0-1


[Site "https://www.chess.com"]

[Event "Titled Tuesday Blitz May 9 Late 2023"]
[White "Haydon, David L"]
[Black "Villuendas Valero, Adrian"]
[WhiteFideId "415405"]
[BlackFideId "2262460"]
[WhiteElo "2326"]
[BlackElo "2328"]
[Result "1-0"]
[Round "04"]
[TimeControl "180+2"]
[Date "2023.05.09"]
[WhiteClock "0:01:59"]
[BlackClock "0:00:00"]

1. e4 e6 2. Nf3 d5 3. Nc3 d4 4. Ne2 c5 5. c3 Nf6 6. e5 Nfd7 7. cxd4 cxd4 8. Nexd4 Nxe5 9. Bb5+ Nec6 10. Qa4 Bd7 11. O-O Bc5 12. Nb3 Bb6 13. d4 O-O 14. Bg5 Qe8 15. Nc5 h6 16. Bf4 Nxd4 17. Nxd7 Nxb5 18. Nxb8 1-0


[Site "https://www.chess.com"]

[Event "Titled Tuesday Blitz May 9 Late 2023"]
[White "Richter, Paul"]
[Black "Boder, Jan"]
[WhiteFideId "2046350"]
[BlackFideId "16243226"]
[WhiteElo "2553"]
[BlackElo "2241"]
[Result "1-0"]
[Round "04"]
[TimeControl "180+2"]
[Date "2023.05.09"]
[WhiteClock "0:01:12"]
[BlackClock "0:00:00"]

1. e4 e5 2. Nf3 Nf6 3. Nxe5 d6 4. Nf3 Nxe4 5. d4 d5 6. Bd3 Bd6 7. O-O O-O 8. c4 c6 9. Nc3 Nxc3 10. bxc3 h6 11. h3 Nd7 12. Re1 dxc4 13. Bxc4 Nb6 14. Bb3 Bf5 15. c4 Bc7 16. Bb2 Qf6 17. Qd2 Rad8 18. d5 Qd6 19. Qc3 f6 20. c5 Qf4 21. d6+ Nd5 22. dxc7 Qxc7 23. Rad1 Kh8 24. Bxd5 cxd5 25. Nd4 Bc8 26. Qg3 Qa5 27. Re7 Rg8 28. Nf3 Qxc5 29. Rde1 d4 30. Qh4 d3 31. Bxf6 1-0


[Site "https://www.chess.com"]

[Event "Titled Tuesday Blitz May 9 Late 2023"]
[White "Avalos Parra, Joao"]
[Black "Tologon tegin, Semetei"]
[WhiteFideId "3402541"]
[BlackFideId "13800574"]
[WhiteElo "2173"]
[BlackElo "2247"]
[Result "0-1"]
[Round "04"]
[TimeControl "180+2"]
[Date "2023.05.09"]
[WhiteClock "0:00:18"]
[BlackClock "0:00:41"]

1. d4 d5 2. c4 e6 3. Nf3 Nf6 4. Nc3 Nbd7 5. Bf4 dxc4 6. e3 a6 7. Bxc4 b5 8. Bd3 Bb7 9. O-O c5 10. b3 Rc8 11. Rc1 cxd4 12. exd4 Ba3 13. Rc2 O-O 14. Ne5 Qa5 15. Nb1 Be7 16. h3 Nb6 17. Bd2 Bb4 18. Bg5 Nbd5 19. a3 Bxa3 20. Ra2 b4 21. Bc1 Nc3 22. Nxc3 Rxc3 23. Bd2 Qd5 24. f3 Qxd4+ 25. Rf2 Qxe5 26. Bxc3 Qxc3 27. Bc4 a5 28. Rac2 Qe5 29. Rfe2 Qg3 30. Qe1 Qxe1+ 31. Rxe1 Nd5 32. Kf2 Rc8 33. Rd2 Kf8 34. h4 a4 35. Rd4 axb3 36. Bxb3 Rc3 37. Ba4 Ke7 38. h5 h6 39. Kg3 Bc6 40. Bxc6 Rxc6 41. Rxd5 Bb2 42. Rb5 Bc3 43. Re4 f5 44. Rxf5 Rb6 45. Rc5 Kd6 46. Rc8 Be5+ 47. f4 Bf6 48. Re8 Kd7 49. Ra8 b3 50. Ra7+ Kd6 51. Re1 b2 52. Rd1+ Kc6 53. Rad7 b1=Q 54. Rxb1 Rxb1 55. Rd3 Rc1 56. Kf3 Rc3 57. Rxc3+ Bxc3 58. Ke4 Kd6 59. f5 e5 60. g4 Bd2 61. Kd3 Bg5 62. Ke4 Bf6 63. Kd3 Kd5 64. Ke3 Bg5+ 65. Kf3 e4+ 66. Ke2 Ke5 67. Kf2 Kf4 68. Kg2 Kxg4 69. f6 gxf6 70. Kh1 Kxh5 71. Kg2 Kg4 72. Kf1 f5 73. Kg2 f4 74. Kf2 f3 75. Kf1 Bh4 76. Kg1 Bg3 77. Kf1 e3 78. Kg1 e2 79. Kh1 e1=R# 0-1


[Site "https://www.chess.com"]

[Event "Titled Tuesday Blitz May 9 Late 2023"]
[White "mjelcic"]
[Black "Ozates, Tuna"]
[BlackFideId "6354521"]
[WhiteElo "2229"]
[BlackElo "2151"]
[Result "0-1"]
[Round "04"]
[TimeControl "180+2"]
[Date "2023.05.09"]
[WhiteClock "0:00:18"]
[BlackClock "0:01:15"]

1. c4 c5 2. g3 Nc6 3. Bg2 g6 4. Nc3 Bg7 5. e4 d6 6. Nge2 e5 7. O-O Be6 8. d3 Nge7 9. Be3 O-O 10. Qd2 Qd7 11. f4 f5 12. Nd5 Rae8 13. Rae1 Nd4 14. b3 Nec6 15. Nec3 fxe4 16. dxe4 exf4 17. gxf4 Bh3 18. Qf2 Bxg2 19. Qxg2 Nb4 20. Nxb4 cxb4 21. Nd5 a5 22. Kh1 Ne6 23. Bg1 Nc5 24. Bxc5 dxc5 25. e5 Kh8 26. Rd1 Qf5 27. Qf2 Bxe5 28. Qxc5 Qe4+ 29. Kg1 Bg7 30. Rfe1 Bd4+ 31. Qxd4+ Qxd4+ 32. Rxd4 Rxe1+ 33. Kf2 Ra1 34. Rd2 g5 35. Kg3 gxf4+ 36. Nxf4 Rf1 37. Rd4 Rg8+ 38. Kh3 Rf3+ 39. Kh4 Rf2 40. Kh3 Rxa2 41. Rd7 Ra3 42. Rxb7 Rxb3+ 43. Kh4 Rb2 44. h3 Rc2 45. Rc7 b3 46. Nd5 b2 47. Nf6 Rxc4+ 48. Rxc4 b1=Q 49. Nxg8 Kxg8 50. Rg4+ Kf7 51. Rg5 a4 52. Rg4 a3 0-1


[Site "https://www.chess.com"]

[Event "Titled Tuesday Blitz May 9 Late 2023"]
[White "Horokoskii"]
[Black "Howell, David W L"]
[BlackFideId "410608"]
[WhiteElo "2107"]
[BlackElo "2567"]
[Result "0-1"]
[Round "04"]
[TimeControl "180+2"]
[Date "2023.05.09"]
[WhiteClock "0:01:13"]
[BlackClock "0:01:02"]

1. d4 Nf6 2. c4 g6 3. Nc3 Bg7 4. e4 O-O 5. Be2 d6 6. Bg5 c5 7. d5 e6 8. h4 exd5 9. exd5 h6 10. Be3 Re8 11. h5 g5 12. Nf3 Ng4 13. Bd2 Qe7 14. Ng1 Bf5 15. Rh3 Nd7 16. Kf1 Nde5 17. Nf3 Nxf3 18. Rxf3 Nh2+ 19. Kg1 Nxf3+ 20. Bxf3 Bd4 21. Rb1 Bxb1 0-1


[Site "https://www.chess.com"]

[Event "Titled Tuesday Blitz May 9 Late 2023"]
[White "Gorshtein, Ido"]
[Black "K2JW"]
[WhiteFideId "2815532"]
[WhiteElo "2415"]
[BlackElo "2399"]
[Result "1-0"]
[Round "04"]
[TimeControl "180+2"]
[Date "2023.05.09"]
[WhiteClock "0:01:55"]
[BlackClock "0:00:16"]

1. Nf3 d5 2. g3 Bg4 3. Bg2 Nd7 4. O-O Ngf6 5. d3 e6 6. Nbd2 Be7 7. c4 O-O 8. Rb1 c5 9. a3 d4 10. b4 Re8 11. Nb3 b6 12. Bf4 Rc8 13. h3 Bf5 14. Nh4 Bg6 15. Nxg6 hxg6 16. g4 e5 17. Bg3 cxb4 18. axb4 Bxb4 19. Nxd4 exd4 20. Rxb4 Qe7 21. Rb2 Nc5 22. Bf3 Nfd7 23. Kg2 Ne5 24. Bd5 Nc6 25. Qa1 Na5 26. Rfb1 g5 27. Bf3 Ne6 28. Rb5 Rc5 29. Rxc5 Nxc5 30. Qxd4 Nab3 31. Qc3 f6 32. Rxb3 1-0


[Site "https://www.chess.com"]